 Dungeon Crawl Stone Soup version 0.17-a0-1572-g7a1422d (webtiles) character file.

56 mrath the Chopper (level 3, 0/31 HPs)
             Began as a Hill Orc Abyssal Knight on July 25, 2015.
             Was a Follower of Lugonu.
             Slain by an orc wizard
             ... wielding a +0 dagger
              (1 damage)
             ... on level 3 of the Dungeon.
             The game lasted 00:19:20 (2831 turns).

mrath the Chopper (Hill Orc Abyssal Knight)         Turns: 2831, Time: 00:19:20

Health: 0/31       AC:  6    Str: 15    XL:     3   Next: 95%
Magic:  6/6        EV: 10    Int: 12    God:    Lugonu [*.....]
Gold:   53         SH:  0    Dex: 10    Spells: 0 memorised, 2 levels left

rFire  . . .     SeeInvis .     a - +1 hand axe
rCold  . . .     Clarity  .     r - +0 ring mail
rNeg   . . .     SustAt   .     (no shield)
rPois  +         Gourm    .     (no helmet)
rElec  .         Spirit   .     (no cloak)
rCorr  .         Warding  .     (no gloves)
rMut   .         Stasis   .     k - +0 pair of boots
MR     .....                    (no amulet)
Stlth  ..........               (no ring)
                                n - ring of poison resistance

@: very slightly contaminated, not resistant to hostile enchantments, extremely
unstealthy
A: no striking features
a: Depart the Abyss, Renounce Religion


You were on level 3 of the Dungeon.
You worshipped Lugonu.
Lugonu was aware of your devotion.
You were not hungry.

You visited 1 branch of the dungeon, and saw 3 of its levels.
You visited the Abyss 1 time.

You collected 53 gold pieces.

Inventory:

Hand weapons
 a - a +1 hand axe (weapon)
 s - a +0 short sword of venom
Missiles
 c - 23 poisoned needles
 f - 144 stones (quivered)
 g - a throwing net
Armour
 b - a +2 leather armour of fire resistance
 k - a +0 pair of boots (worn)
 r - a +0 ring mail (worn)
Jewellery
 n - a ring of poison resistance (left hand)
Magical devices
 x - a wand of enslavement (10)
Scrolls
 d - a scroll of recharging {unknown}
 e - 2 scrolls of teleportation
 h - a scroll of enchant armour {unknown}
 l - a scroll of amnesia
 m - a scroll of blinking
 t - a scroll of identify {unknown}
 v - a scroll of remove curse {unknown}
Potions
 i - 2 potions of cancellation {unknown}
 o - 2 potions of mutation {unknown}
 q - a potion of degeneration {unknown}
 u - a potion of ambrosia {unknown}
 w - a potion of agility {unknown}
 z - a potion of poison {unknown}
Comestibles
 j - 2 meat rations


   Skills:
 - Level 3.6 Fighting
 + Level 4.3 Axes
 - Level 2.1 Armour
 - Level 0.7 Dodging
 + Level 4.0 Invocations


You had 2 spell levels left.
You didn't know any spells.

Dungeon Overview and Level Annotations

Branches:
Dungeon (3/15)

Altars:
Ru
Sif Muna


Message History

The puff of flame hits you!
* * * LOW HITPOINT WARNING * * *
You hit the orc wizard but do no damage.
The orc wizard is lightly wounded.
The orc wizard hits you but does no damage. x2
You completely miss the orc wizard.
The orc wizard is lightly wounded.
The orc wizard gestures at you while chanting.
The magic dart hits you!
* * * LOW HITPOINT WARNING * * *
The orc wizard hits you but does no damage.
You barely miss the orc wizard.
The orc wizard is lightly wounded.
The orc wizard barely misses you.
You hit the orc wizard.
The orc wizard is moderately wounded.
You hear the slow rusting of a distant drain.
The orc wizard gestures at you while chanting.
The puff of flame hits you! The orc wizard hits you with a dagger.
You die...

## .. #
.# .. .#
..# .#
...#
##.#.....
#....oo_o
#o#.##...
#@# # #.#
#.# #.###
#.#.#
#...#
#####.#
#...<.#
#.#####


You could see an orc wizard.

Vanquished Creatures
  2 adders (D:2)
  An orc (D:3)
  2 giant cockroaches (D:2)
  4 hobgoblins
  7 jackals
  3 ball pythons
  7 bats
  A giant gecko (D:2)
  4 giant newts
  A goblin (D:2)
  5 kobolds
  3 rats (D:2)
40 creatures vanquished.

Notes
Turn   | Place    | Note
--------------------------------------------------------------
     0 | Abyss:1  | mrath the Hill Orc Abyssal Knight began the quest for the Orb.
     0 | Abyss:1  | Reached XP level 1. HP: 19/19 MP: 2/2
     0 | D:1      | Escaped the Abyss
   384 | D:1      | Acquired Lugonu's first power
   384 | D:1      | Reached XP level 2. HP: 17/26 MP: 4/4
  1568 | D:2      | Found a sacrificial altar of Ru.
  1740 | D:2      | Reached XP level 3. HP: 31/31 MP: 5/5
  2311 | D:2      | Reached skill level 4 in Axes
  2809 | D:3      | Found a deep blue altar of Sif Muna.
  2829 | D:3      | HP: 1/31 [orc wizard/magic dart (7)]
  2831 | D:3      | Slain by an orc wizard

Vault maps used:
D:1:      dpeg_arrival_round_c
D:2:      nicolae_ru_great_annihilating_truth, supply_closet_lemuel,
          minmay_bad_closet
D:3:      nicolae_overflow_crystal_walls, gup_sewer_entry_glass

Action                   || total
-------------------------++-------
Melee: Hand axe          ||   142
Invok: Depart the Abyss  ||     1
  Use: Scroll            ||     4
 Stab: Sleeping          ||     1
       Invisible         ||     2
       Paralysed         ||     2
  Eat: Bread ration      ||     2
       Chunk             ||     1
